[Event "Early-Titled-Tuesday-Blitz-April-16-2024"]
[Site "Chess.com"]
[Date "2024.04.16"]
[Round "5"]
[White "SaqoChess_Twitch"]
[Black "FGHSMN"]
[Result "0-1"]
[WhiteElo "2652"]
[BlackElo "2904"]
[TimeControl "180+1"]
[EndTime "8:57:02 PDT"]
[Termination "FGHSMN won by checkmate"]

1. d4 Nf6 2. c4 e6 3. Nc3 Bb4 4. a3 Bxc3+ 5. bxc3 O-O 6. e3 b6 7. Bd3 Bb7 8. f3 Nc6 9. Ne2 d6 10. O-O Na5 11. e4 h6 12. Ng3 c5 13. f4 cxd4 14. cxd4 Rc8 15. Qe2 Ba6 16. e5 dxe5 17. dxe5 Nd7 18. f5 Nc5 19. Qg4 Nab3 20. Kh1 Qd4 21. Bf4 Nxd3 22. Rae1 Nxf4 23. Rxf4 Qc3 24. Rfe4 Rxc4 25. Qd1 Rxe4 26. Nxe4 Qxe5 27. f6 gxf6 28. Qxb3 f5 29. Qg3+ Qxg3 30. Nxg3 Rd8 31. h3 Rd2 32. Nh5 Bb7 33. Kg1 Rxg2+ 34. Kf1 Ra2 35. Re3 Kf8 36. Rc3 Bd5 37. Rc7 Rxa3 38. Nf6 Kg7 39. Ne8+ Kg6 40.
h4 e5 41. Rd7 Be6 42. Rd6 f4 43. Nc7 Kf5 44. Nb5 Ra1+ 45. Kf2 a6 46. Nc7 b5 47. h5 e4 48. Rb6 Ra2+ 49. Ke1 Bc4 50. Rb7 e3 51. Kd1 Ra1+ 52. Kc2 e2 53. Ne8 e1=Q 54. Nd6+ Kg4 55. Nxc4 bxc4 56. Rxf7 Ra2# 0-1

[Event "Early-Titled-Tuesday-Blitz-April-16-2024"]
[Site "Chess.com"]
[Date "2024.04.16"]
[Round "5"]
[White "XDPS"]
[Black "CrazyMartian"]
[Result "1-0"]
[WhiteElo "2852"]
[BlackElo "2371"]
[TimeControl "180+1"]
[EndTime "8:57:02 PDT"]
[Termination "XDPS won by resignation"]

1. d4 d5 2. Nf3 Nf6 3. Bf4 c5 4. e3 e6 5. Nbd2 Bd6 6. c3 Qc7 7. Bxd6 Qxd6 8. Ne5 O-O 9. Bd3 b6 10. f4 Ba6 11. Bc2 Nc6 12. g4 Ne7 13. g5 Nd7 14. Qh5 Nf5 15. O-O-O Nxe5 16. fxe5 Qe7 17. h4 Rfc8 18.
Kb1 b5 19. Bxf5 exf5 20. Nb3 b4 21. cxb4 cxb4 22. Qf3 Rab8 23. Qxf5 Rc4 24. Nc5 Bb5 25. h5 Rf8 26. Rhg1 Rxc5 27. dxc5 Qxc5 28. h6 Qxe3 29. hxg7 Re8 30. Ka1 b3 31. Rde1 Qd3 32. Qxd3 Bxd3 33. Rg3 Bc4 34. axb3 Bb5 35. Ka2 Kxg7 36. Rf3 Re7 37.
Ka3 d4 38. Kb4 a6 39. Kc5 d3 40. Kd4 Rd7+ 41. Ke3 Re7 42. Kd2 Rc7 43. Rc1 Re7 44.
Rc5 Rd7 45. Rf6 Rd4 46. e6 fxe6 47. Rc7+ Kg8 48. Rxe6 Kf8 49. Rf6+ Kg8 50. Rb6 Be8 51. Rb8 Kf8 52. Rxh7 Kg8 53. Re7 1-0

[Event "Early-Titled-Tuesday-Blitz-April-16-2024"]
[Site "Chess.com"]
[Date "2024.04.16"]
[Round "5"]
[White "alexrustemov"]
[Black "TitarovVasiliYouTube"]
[Result "1-0"]
[WhiteElo "2843"]
[BlackElo "2617"]
[TimeControl "180+1"]
[EndTime "8:57:03 PDT"]
[Termination "alexrustemov won on time"]

1. d4 d6 2. e4 Nf6 3. f3 e5 4. Ne2 Be7 5. c4 O-O 6. Nbc3 Re8 7. Be3 c6 8. d5 cxd5 9. cxd5 a6 10. Qd2 b5 11. Ng3 Nbd7 12. Be2 Nb6 13. b3 Bd7 14. O-O Rc8 15. Rfc1 Na8 16. a4 b4 17. Nd1 a5 18.
Nb2 Rxc1+ 19. Rxc1 Nb6 20. Bd3 Qb8 21. Qf2 Rc8 22. Rxc8+ Nxc8 23. Nc4 Bd8 24. Bf1 Qb7 25. Ne2 Ne8 26. Nc1 Nc7 27. Nd3 Na8 28. g3 Qa6 29.
Ndb2 Qb7 30. h4 f5 31. Bh3 fxe4 32. Bxd7 Qxd7 33. fxe4 Qg4 34. Nd2 Bxh4 35. Kg2 Bd8 36. Nbc4 Nab6 37. Qf3 Nxc4 38. Nxc4 Qg6 39. Qf5 Qxf5 40.
exf5 Kf7 41. g4 h6 42. Kf3 Bc7 43. Ke4 Kf6 44. Nd2 Ne7 45. Bf2 Kf7 46. Bh4 g5 47. Bf2 Ng8 48. Kd3 Nf6 49. Kc4 Nxg4 50. Bg1 Nf6 51.
Kb5 Nxd5 52. Kc6 Ne7+ 53. Kxc7 Nxf5 54. Nc4 e4 55. Nxa5 d5 56. Nc6 e3 57. Ne5+ Ke6 58.
Nd3 d4 59. a5 Nh4 60. a6 Nf3 61. a7 Nxg1 62. a8=Q 1-0

[Event "Early-Titled-Tuesday-Blitz-April-16-2024"]
[Site "Chess.com"]
[Date "2024.04.16"]
[Round "5"]
[White "bazar-wokzal"]
[Black "LileKoridze"]
[Result "1-0"]
[WhiteElo "2581"]
[BlackElo "2386"]
[TimeControl "180+1"]
[EndTime "8:57:03 PDT"]
[Termination "bazar-wokzal won by resignation"]

1. e4 c5 2. c3 Nf6 3. e5 Nd5 4. d4 cxd4 5. cxd4 e6 6. Nc3 Nxc3 7. bxc3 d6 8. f4 Nc6 9. Nf3 Be7 10. Bd3 O-O 11. h4 b6 12. Bxh7+ Kxh7 13. Ng5+ Kh6 14. f5 Qe8 15. Nxe6+ Kh7 16. Qh5+ Kg8 17. Ng5 Bxf5 18. O-O Bg6 19. Qf3 dxe5 20. d5 Bc5+ 21. Kh1 e4 22.
Qg3 Ne5 23. Bf4 Nd3 24. Bc7 f5 25. Ne6 Rf6 26. h5 Rxe6 27. dxe6 Bxh5 28. Rxf5 Qxe6 29. Rxh5 Rf8 30. Qh4 Nf2+ 31. Kh2 Ng4+ 32. Kh1 Nh6 33. Bf4 Be7 34. Qh2 Rf6 35. Bxh6 Rxh6 36. Rxh6 gxh6 37.
Re1 e3 38. Qb8+ Kg7 39. Qxa7 Kg6 40. Qb7 Bg5 41. Qf3 Qxa2 42. Kh2 Qe6 43. Re2 Qe5+ 44. g3 Qxc3 45. Kg2 Qc5 46. Qe4+ Kg7 47. Rc2 Qd6 48.
Kf3 Qf6+ 49. Kg4 Qd6 50. Kh5 Qxg3 51. Qd4+ Kf7 52. Qd5+ Kg7 53. Qd7+ Kf6 54. Rc6+ Ke5 55. Qc7+ Ke4 56. Qxg3 1-0

[Event "Early-Titled-Tuesday-Blitz-April-16-2024"]
[Site "Chess.com"]
[Date "2024.04.16"]
[Round "5"]
[White "gau248"]
[Black "Matols"]
[Result "1-0"]
[WhiteElo "2575"]
[BlackElo "2358"]
[TimeControl "180+1"]
[EndTime "8:57:03 PDT"]
[Termination "gau248 won on time"]

1. e4 c6 2. d4 d5 3. exd5 cxd5 4. c4 Nf6 5. Nc3 Nc6 6. Nf3 a6 7. cxd5 Nxd5 8. Bd3 e6 9. O-O Be7 10. Re1 O-O 11.
Qe2 Nxc3 12. bxc3 Bd7 13. Bf4 Rc8 14. Rad1 Bf6 15. Ne5 Ne7 16. Qe4 g6 17. Qxb7 Bc6 18.
Qxa6 Ba8 19. Ng4 Bg7 20. Be5 Rxc3 21. Nf6+ Kh8 22. d5 Nxd5 23. Nxd5 Qxd5 24. Bxg7+ Kxg7 25. Be4 Qc4 26. Qa5 Bxe4 27. Rxe4 Qc7 28. Qa4 Rc1 29. Qd4+ Kg8 30. Ree1 Rxd1 31. Rxd1 Rc8 32. h4 Qc4 33.
a4 Qxd4 34. Rxd4 Rc1+ 35. Kh2 Ra1 36. Rb4 Kg7 37. g3 h6 38. Kg2 g5 39. Kf3 Kg6 40.
Ke3 gxh4 41. Rxh4 f5 42. Rb4 e5 43. Kd3 Ra3+ 44. Kc4 Kg5 45. Kb5 Ra2 46. f4+ exf4 47. Rxf4 Ra3 48. a5 Rxg3 49. Ra4 Rb3+ 50. Kc6 Rb8 51. a6 1-0

[Event "Early-Titled-Tuesday-Blitz-April-16-2024"]
[Site "Chess.com"]
[Date "2024.04.16"]
[Round "5"]
[White "HighLawView"]
[Black "Massakru"]
[Result "1-0"]
[WhiteElo "2124"]
[BlackElo "2354"]
[TimeControl "180+1"]
[EndTime "8:57:03 PDT"]
[Termination "HighLawView won on time"]

1. e4 e5 2. Nf3 Nc6 3. Nc3 Nf6 4. d4 exd4 5. Nxd4 Bb4 6. Nxc6 bxc6 7. Bd3 d5 8. exd5 O-O 9. O-O cxd5 10. Bg5 c6 11.
Qf3 Be7 12. Rfe1 Re8 13. Ne2 Ne4 14. Bxe7 Rxe7 15. Ng3 Nxg3 16. Qxg3 Be6 17. Re2 Rb8 18. b3 Rb4 19. Rae1 g6 20. Re3 c5 21. Qg5 Rd7 22.
Qe5 c4 23. Be2 d4 24. Rg3 Rd5 25. Qf4 Rf5 26. Qe4 Qd6 27. Bg4 Rf6 28. Bxe6 Rxe6 29. Qa8+ Rb8 30. Rxe6 fxe6 31. Qe4 d3 32. cxd3 c3 33.
Qc4 Qe5 34. h4 Qe1+ 35. Kh2 Qxf2 36. Qxc3 Qf4 37. Qc4 Qf6 38. Rf3 Qe7 39. Re3 Rb6 40. d4 Rd6 41. d5 e5 42. Qe4 Qd8 43. g3 Rxd5 44. Kh3 Qd7+ 45. g4 Qd6 46. Rc3 Rd4 47. Rc8+ Kg7 48. Qb7+ Kh6 49. g5+ Kh5 50. Qf3+ 1-0

[Event "Early-Titled-Tuesday-Blitz-April-16-2024"]
[Site "Chess.com"]
[Date "2024.04.16"]
[Round "5"]
[White "Msb2"]
[Black "David_Arutinian"]
[Result "0-1"]
[WhiteElo "3014"]
[BlackElo "2838"]
[TimeControl "180+1"]
[EndTime "8:57:04 PDT"]
[Termination "David_Arutinian won by checkmate"]

1. d4 Nf6 2. c4 e6 3. Nc3 Bb4 4. e3 O-O 5. Bd2 d5 6. Nf3 b6 7. cxd5 exd5 8. Rc1 Bb7 9. Bd3 a6 10. O-O Bd6 11. Ne5 c5 12. f4 cxd4 13. exd4 Nc6 14.
Be3 Ne7 15. Qf3 Bb4 16. Qh3 Bxc3 17. Nd7 Ne4 18. Nxf8 Bxb2 19. Rc2 Ba3 20. Nxh7 Bc8 21. f5 f6 22. Bxe4 dxe4 23. Nxf6+ gxf6 24. Bh6 Nxf5 25. Rxf5 Qxd4+ 26. Rcf2 Bxf5 27. Qxf5 Kf7 28. Kh1 Bc5 29. Rf1 Rh8 30. Bg5 Be7 31. h3 Rh5 32. Qg4 Rh7 33. Bc1 Qd5 34. Qe2 Rg7 35. Rd1 Qf5 36.
Bb2 Qf4 37. Rf1 Qg5 38. Qxe4 Qg3 39. Qc4+ Kf8 40. Qc8+ Kf7 41. Qc4+ Kg6 42. Qc6 Rf7 43. Qe4+ Kg7 44. Rf3 Qg6 45. Qe3 Qb1+ 46. Kh2 Qxb2 47. Rg3+ Kf8 48. Qh6+ Ke8 49. Rg8+ Kd7 50. Qh5 Bd6+ 51.
Kg1 Qc1+ 52. Kf2 Qd2+ 53. Kf1 Qc1+ 54. Kf2 Qc2+ 55. Kf1 Qd3+ 56. Kf2 Re7 57. Qg4+ f5 58. Qa4+ b5 59. Qb3 Bc5# 0-1

[Event "Early-Titled-Tuesday-Blitz-April-16-2024"]
[Site "Chess.com"]
[Date "2024.04.16"]
[Round "5"]
[White "dosto07"]
[Black "KnightDuta"]
[Result "0-1"]
[WhiteElo "2515"]
[BlackElo "2735"]
[TimeControl "180+1"]
[EndTime "8:57:04 PDT"]
[Termination "KnightDuta won by checkmate"]

1. e4 d5 2. exd5 Nf6 3. d4 Nxd5 4. Nf3 Bg4 5. Bc4 e6 6. O-O Nc6 7. c3 Be7 8. Nbd2 O-O 9. Re1 Nb6 10. Bb3 Kh8 11. h3 Bh5 12. Ne4 Bxf3 13. Qxf3 e5 14.
d5 Na5 15. Ng3 Nxb3 16. axb3 Qxd5 17. Qxd5 Nxd5 18. Rxe5 c6 19. Bd2 Rfd8 20. Rae1 Bd6 21. R5e2 Kg8 22. Nf5 Bf8 23. c4 Nb4 24. Bc3 Nd3 25.
Rd1 Nf4 26. Red2 Ne2+ 27. Kf1 Rxd2 28. Rxd2 Nxc3 29. bxc3 g6 30. Nd6 b6 31. Ne4 Bg7 32.
Rd6 f5 33. Ng5 c5 34. Ne6 Bxc3 35. Rd7 a5 36. Ng5 h6 37. Nf7 Bg7 38. f4 a4 39.
bxa4 Rxa4 40. Rb7 Rxc4 41. Nd6 Rxf4+ 42. Ke2 Rb4 43. Ne8 Be5 44. Rb8 Bxb8 45. Nf6+ Kf7 46.
Nd7 Rd4 47. Nxb8 b5 48. Nc6 Re4+ 49. Kd2 Ke6 50. Na5 c4 51. Nc6 Kd5 52. Nb4+ Kc5 53. Na6+ Kd4 54. Nb4 c3+ 55. Kc2 Kc4 56. Nc6 Re2+ 57.
Kc1 b4 58. Na5+ Kd3 59. Nc6 Re1# 0-1

[Event "Early-Titled-Tuesday-Blitz-April-16-2024"]
[Site "Chess.com"]
[Date "2024.04.16"]
[Round "5"]
[White "BallottiLuca"]
[Black "Kotofeyca"]
[Result "1/2-1/2"]
[WhiteElo "2369"]
[BlackElo "2489"]
[TimeControl "180+1"]
[EndTime "8:57:04 PDT"]
[Termination "Game drawn by repetition"]

1. d4 d5 2. c4 c6 3. Nc3 Nf6 4. cxd5 cxd5 5. Bg5 Ne4 6. Nxe4 dxe4 7. a3 Nc6 8. d5 Ne5 9. Qd4 f6 10. Bf4 e6 11. Bxe5 fxe5 12. Qxe4 Qa5+ 13. b4 Qxd5 14. Qd3 a5 15. b5 Qxd3 16. exd3 Bd7 17. Nf3 Bxb5 18.
Nxe5 Bd6 19. Nc4 Bc7 20. Be2 Bc6 21. O-O Ke7 22. a4 Rhd8 23. Rfe1 Rd4 24. Bf1 Kf6 25. Re3 Rad8 26. Rae1 Re8 27. Ra1 Rd5 28. g3 Rd4 29.
Bg2 Bxg2 30. Kxg2 Red8 31. Rae1 e5 32. Nxe5 Bxe5 33. Rxe5 Rxd3 34. Rxa5 R8d7 35. Rb5 Ra3 36. a5 h6 37. Re2 Kf7 38. Rf5+ Kg6 39. Rb5 Rf7 40.
h4 Rc7 41. h5+ Kh7 42. Rbe5 Rf7 43. Re7 Rxe7 44. Rxe7 Rxa5 45. Rxb7 Rxh5 46. Rc7 Ra5 47. Rb7 Ra6 48. Rc7 Kg6 49. Rb7 Kf6 50. Rc7 Re6 51. Ra7 h5 52. Rb7 g6 53. Rb5 Re5 54. Rb6+ Kf5 55.
Ra6 Re6 56. Ra5+ Kf6 57. Kf3 Kg7 58. Ra7+ Kf6 59. Ra5 Rd6 60. Rb5 Re6 61. Ra5 1/2-1/2

[Event "Early-Titled-Tuesday-Blitz-April-16-2024"]
[Site "Chess.com"]
[Date "2024.04.16"]
[Round "5"]
[White "NikFil2013"]
[Black "NowInChess"]
[Result "1-0"]
[WhiteElo "2420"]
[BlackElo "2226"]
[TimeControl "180+1"]
[EndTime "8:57:05 PDT"]
[Termination "NikFil2013 won by resignation"]

1. d4 Nf6 2. c4 c5 3. d5 b5 4. cxb5 a6 5. bxa6 g6 6. Nc3 Bg7 7. e4 O-O 8. a7 Rxa7 9. Nf3 d6 10.
Bd3 Bg4 11. O-O Nbd7 12. Be2 Qa5 13. Bd2 Qb6 14. Rb1 Rb8 15. a4 Ne8 16. Nb5 Ra6 17. b3 Raa8 18. Qc2 Nc7 19. Qd1 Bxf3 20. gxf3 Ne5 21. f4 Nd7 22. Qc2 Na6 23. Bc4 Nf6 24. Qd3 Nh5 25. Qf3 Nb4 26. Bxb4 cxb4 27. Qe3 Qxe3 28.
fxe3 Nf6 29. Bd3 h5 30. Rfc1 Ng4 31. Re1 Rb7 32. h3 Nf6 33. Rec1 Nd7 34. Rc6 Nc5 35.
Bc2 Kf8 36. e5 Ke8 37. exd6 exd6 38. Nxd6+ Kd7 39. Nxb7 Nxb7 40. Be4 Nd6 41. Bd3 Re8 42. Rbc1 Rd8 43. Rc7+ Ke8 44. R1c6 Bf6 45. Bb5 Be7 46. Ra6+ Kf8 47. Raa7 Bf6 48. Rd7 Nxb5 49. Rxd8+ Bxd8 50. axb5 Kg7 51. Ra8 Be7 52. b6 Bd6 53. b7 Bc7 54.
b8=Q Bxb8 55. Rxb8 Kf6 56. d6 Ke6 57. Rb6 Kd7 58.
Rxb4 Kxd6 59. Re4 Kd5 60. Rd4+ Kc5 61. b4+ Kb5 62. Kf2 Kc6 63. Ke2 Kb5 64. Kd3 Kc6 65. e4 Kb5 66. Kc3 Kc6 67. Rc4+ Kb5 68. Kd4 Kb6 69. Kd5 f6 70. Kd6 1-0

[Event "Early-Titled-Tuesday-Blitz-April-16-2024"]
[Site "Chess.com"]
[Date "2024.04.16"]
[Round "5"]
[White "Trendle"]
[Black "SHIVACalypso"]
[Result "1-0"]
[WhiteElo "2613"]
[BlackElo "2459"]
[TimeControl "180+1"]
[EndTime "8:57:07 PDT"]
[Termination "Trendle won by resignation"]

1. e4 e6 2. Nf3 d5 3. Nc3 d4 4. Ne2 c5 5. c3 Nc6 6. cxd4 cxd4 7. Qa4 Bc5 8. b4 Bb6 9. b5 Nce7 10. Nexd4 Nf6 11. d3 Ng4 12. h3 Nxf2 13. Kxf2 e5 14. Be3 exd4 15. Bxd4 O-O 16. Be2 f5 17. Bxb6 Qxb6+ 18.
Kg3 fxe4 19. dxe4 Ng6 20. e5 Be6 21. Rhf1 Rf4 22. Qa3 Raf8 23. Qd6 Qxd6 24. exd6 Bd7 25. a4 R4f6 26. Rfd1 Re8 27. Bc4+ Kf8 28. Rd4 h6 29. Rc1 Ne5 30. Nxe5 Rxe5 31. Bd3 Re3+ 32. Kh2 Ree6 33. Be4 Rxd6 34. Rxd6 Rxd6 35. Bxb7 Rd4 36. Rc7 Ke8 37. Bc6 Bxc6 38. bxc6 Rxa4 39. Rxg7 Kd8 40. Kg3 a5 41. Ra7 Ra1 42. Kh4 Ra2 43. g4 Ra3 44. Rh7 Rc3 45. Rxh6 a4 46. Rh8+ Kc7 47. Ra8 a3 48.
Ra6 Rd3 49. g5 Rc3 50. Kg4 Rc4+ 51. Kh5 Rc3 52. h4 Rg3 53. Kg6 Rc3 54. Kg7 Rh3 55.
g6 Rxh4 56. Rxa3 Kxc6 57. Rd3 Rf4 58. Kg8 Rf3 59. Rxf3 1-0

[Event "Early-Titled-Tuesday-Blitz-April-16-2024"]
[Site "Chess.com"]
[Date "2024.04.16"]
[Round "5"]
[White "SirStrateg"]
[Black "vladislavkovalev"]
[Result "1-0"]
[WhiteElo "2648"]
[BlackElo "2864"]
[TimeControl "180+1"]
[EndTime "8:57:08 PDT"]
[Termination "SirStrateg won on time"]

1. d4 Nf6 2. Bf4 e6 3. e3 d5 4.
Nf3 c5 5. c3 Nc6 6. Nbd2 cxd4 7.
exd4 Nh5 8. Bg5 f6 9. Bh4 Bd6 10. Bg3 Nf4 11. Bxf4 Bxf4 12. g3 Bd6 13. Bg2 O-O 14. Qb3 Na5 15. Qc2 e5 16. dxe5 fxe5 17. O-O Kh8 18. Nb3 Nc6 19. Rae1 Bg4 20. Nfd2 Bc7 21.
Qd3 e4 22. Qe3 Bb6 23. Nd4 Nxd4 24. cxd4 Qf6 25. Nb3 Rac8 26. Rc1 h6 27. Rc3 Rxc3 28.
bxc3 Rc8 29. f3 exf3 30. Bxf3 Bxf3 31. Rxf3 Qg6 32. Qd3 Qxd3 33. Rxd3 a5 34. Kf2 a4 35. Nc1 Ba5 36. Ne2 Kg8 37. Ke3 b5 38. Kd2 b4 39.
cxb4 Bxb4+ 40. Kd1 g5 41. g4 Rf8 42. h3 Rf1+ 43.
Kc2 Rf2 44. Re3 Kf7 45. Kd3 Rf1 46. Ng3 Ra1 47. Re2 Rd1+ 48. Ke3 Bd6 49. Nf5 Bf4+ 50.
Kf3 Rh1 51. h4 Rh3+ 52. Kg2 Rh2+ 53. Kf3 Rh3+ 54. Kg2 Rh2+ 55. Kf3 gxh4 56. Rxh2 Bxh2 57. Nxh4 Kf6 58. Nf5 h5 59. Ne3 hxg4+ 60. Nxg4+ Kf5 61. Nxh2 1-0

[Event "Early-Titled-Tuesday-Blitz-April-16-2024"]
[Site "Chess.com"]
[Date "2024.04.16"]
[Round "5"]
[White "LeoWin2012"]
[Black "Pelusiansky"]
[Result "0-1"]
[WhiteElo "2307"]
[BlackElo "2544"]
[TimeControl "180+1"]
[EndTime "8:57:08 PDT"]
[Termination "Pelusiansky won by checkmate"]

1. c4 Nf6 2. Nc3 e6 3. g3 d5 4. cxd5 exd5 5. Bg2 c6 6. d3 d4 7. Ne4 Nxe4 8. Bxe4 Nd7 9. Bg2 Bb4+ 10. Bd2 Qb6 11. Nf3 O-O 12. Bxb4 Qxb4+ 13. Qd2 Qd6 14. O-O Re8 15.
Rfe1 c5 16. Rac1 Rb8 17. Qc2 b6 18. Nd2 Ne5 19. Nc4 Nxc4 20. Qxc4 Be6 21. Qa4 a5 22. a3 Bd7 23. Qc4 a4 24. Qd5 Qxd5 25. Bxd5 Kf8 26.
e3 Red8 27. exd4 Be8 28. Be4 Rxd4 29. Rc4 Rbd8 30. Rxd4 Rxd4 31. Rc1 g6 32. Rc4 Rd6 33. Rc3 Bb5 34. g4 Ke7 35. g5 Ke6 36. Kg2 Ke5 37. Kf3 Kd4 38. h4 Re6 39. Kg3 f5 40. gxf6 Rxf6 41.
f3 Ba6 42. Kg4 h6 43. Kg3 b5 44. Kg4 Bc8+ 45. Kg3 Be6 46. Rc1 Bd5 47. Rd1 Rb6 48. Re1 Bf7 49. f4 b4 50. axb4 cxb4 51. Ra1 Ra6 52. h5 gxh5 53. f5 a3 54. bxa3 Rxa3 55. Rb1 b3 56. f6 Ra6 57. Kh4 Rxf6 58. Bb7 Kxd3 59. Ba6+ Kc2 60. Re1 Rxa6 61. Re2+ Kd3 62. Re1 b2 63. Rb1 Kc2 64. Rf1 b1=Q 65. Rxb1 Kxb1 66.
Kg3 Rg6+ 67. Kh4 Rg4+ 68. Kh3 Be6 69. Kh2 Kc2 70. Kh3 Kd3 71. Kh2 Ke3 72. Kh3 Kf2 73. Kh2 Rh4# 0-1

[Event "Early-Titled-Tuesday-Blitz-April-16-2024"]
[Site "Chess.com"]
[Date "2024.04.16"]
[Round "5"]
[White "FoggyMorning"]
[Black "Jospem"]
[Result "0-1"]
[WhiteElo "2614"]
[BlackElo "3060"]
[TimeControl "180+1"]
[EndTime "8:57:09 PDT"]
[Termination "Jospem won by resignation"]

1. e4 c5 2. Nf3 d6 3. d4 cxd4 4. Nxd4 a6 5. Nc3 e6 6. g3 Bd7 7.
Bg2 Nc6 8. Nb3 Nf6 9. O-O Be7 10. Qe2 O-O 11. f4 Qc7 12. Be3 Rac8 13. g4 g6 14. Rad1 b5 15. a3 b4 16. axb4 Nxb4 17. g5 Nh5 18. f5 e5 19. f6 Bd8 20. Qd2 Be6 21. Rf2 Rb8 22. Ra1 Nxc2 23. Qxc2 Bxb3 24. Qd2 Bc4 25. Bf3 Nf4 26. Bxf4 exf4 27. Qxf4 Qc5 28. Kg2 h6 29. h4 Bb6 30. Nd1 Qe5 31. Qxe5 dxe5 32.
Rd2 Bd4 33. Ra4 Bb5 34. Ra3 Rbc8 35. Be2 Bc6 36. Bf3 Bb7 37. Kg3 Rc1 38. Kg2 Kh7 39.
Ne3 Rfc8 40. Ng4 R8c2 41. Rxc2 Rxc2+ 42. Kh3 Bc8 43. Kg3 h5 44. Ne3 Rxb2 45. Nc4 Rc2 46. Ne3 Rb2 47. Bg2 Be6 48. Bf1 a5 49. Bc4 Bxe3 50.
Bxe6 Bf2+ 51. Kf3 fxe6 52. Rc3 Bxh4 53. Rc7+ Kg8 54. Rc8+ Kf7 55. Rc7+ Ke8 56. Rc8+ Kd7 57. Ra8 Bxg5 58. f7 Be7 59. Ra7+ Kd8 60. Ra8+ Kc7 61. Ra7+ Rb7 62. Ra8 Bb4 63. f8=Q Bxf8 64. Rxf8 Kb6 65. Rf6 Re7 66. Rxg6 a4 67. Rg8 Ra7 68. Rb8+ Kc5 69. Rb2 a3 70. Ra2 Kb4 0-1

[Event "Early-Titled-Tuesday-Blitz-April-16-2024"]
[Site "Chess.com"]
[Date "2024.04.16"]
[Round "5"]
[White "CarlosjPineror"]
[Black "kacperkarwowski"]
[Result "1-0"]
[WhiteElo "2728"]
[BlackElo "2514"]
[TimeControl "180+1"]
[EndTime "8:57:09 PDT"]
[Termination "CarlosjPineror won on time"]

1. e4 c5 2. Nf3 e6 3. d4 cxd4 4. Nxd4 Nf6 5. Bd3 Nc6 6. Nxc6 dxc6 7. O-O e5 8. Nc3 Be6 9. Qe2 Be7 10. Be3 O-O 11. f3 Qa5 12. Qf2 Nd7 13. a3 Bc5 14. b4 Bxe3 15. Qxe3 Qb6 16. Qxb6 Nxb6 17. a4 a6 18. a5 Nc8 19. Na4 Nd6 20. Nc5 Rad8 21. Rfd1 Bc8 22. c3 Rfe8 23. Kf2 Kf8 24. Rd2 Ke7 25.
Rad1 f6 26. Bc2 Nf7 27. Bb3 Rxd2+ 28. Rxd2 Nd6 29. Na4 Rd8 30. Ke2 Nb5 31. Rxd8 Kxd8 32. Kd2 Ke7 33. Nc5 Nd6 34. Bg8 h6 35. g4 Ne8 36. h4 Nd6 37. h5 Ne8 38. Bc4 Nc7 39. Kc2 Kd6 40. Kb2 Ke7 41. Be2 Kd6 42. c4 Ne6 43.
Na4 Nd4 44. Bd1 Kc7 45. Kc3 Ne6 46. Kd3 Nf4+ 47. Ke3 Be6 48. Nb2 Bf7 49. Be2 Be6 50. Bf1 Bf7 51. b5 cxb5 52. cxb5 Be8 53. bxa6 bxa6 54. Bxa6 Ne6 55. Bf1 Nc5 56. Nd3 Ne6 57. Nb4 Bc6 58. Bc4 Nc5 59. Bd5 Bb5 60. Bg8 Nb7 61.
Nd5+ Kd8 62. f4 Ba6 63. fxe5 fxe5 64. Nb4 Bb5 65. a6 1-0

[Event "Early-Titled-Tuesday-Blitz-April-16-2024"]
[Site "Chess.com"]
[Date "2024.04.16"]
[Round "5"]
[White "h4parah5"]
[Black "Nimrod_Veinberg"]
[Result "1-0"]
[WhiteElo "3003"]
[BlackElo "2706"]
[TimeControl "180+1"]
[EndTime "8:57:10 PDT"]
[Termination "h4parah5 won by resignation"]

1. Nf3 d5 2. e3 c5 3. d4 Nf6 4.
Bb5+ Bd7 5. Be2 cxd4 6. exd4 Nc6 7. c3 Bg4 8. h3 Bxf3 9. Bxf3 e6 10. Nd2 Bd6 11.
Be2 O-O 12. O-O Rb8 13. a4 a6 14. Re1 Qc7 15. Bd3 Na5 16. Nf3 b5 17. Bg5 Nd7 18. Qe2 b4 19. Bxa6 bxc3 20. bxc3 Nb6 21. Bb5 Nbc4 22.
h4 h6 23. Bc1 Rb6 24. Qd1 Ra8 25.
Ra2 Bf4 26. Rae2 Bxc1 27. Qxc1 Nd6 28. Bd3 Rc8 29. Rc2 Nac4 30. Qf4 Ne8 31. Ne5 Nf6 32.
g4 Nb2 33. Bb5 Nc4 34. g5 hxg5 35. hxg5 Nh5 36. Qh2 g6 37. Nxc4 Qxh2+ 38. Kxh2 dxc4 39. Re5 Nf4 40. Rc5 Rd8 41. Rxc4 Kg7 42. Kg3 Nd5 43.
Rc6 Rbb8 44. Kf3 Rh8 45. Ke2 Rh3 46. Kd2 Rbh8 47. Kc1 Rf3 48. Kb2 Rb8 49. Rc5 Nb6 50. Ka3 Nc8 51. a5 Nd6 52. Be2 Rf4 53. a6 Ne4 54. Rc7 Rxf2 55. a7 Ra8 56. Bd3 Rxc2 57.
Bxc2 Nd6 58. Bd3 Kf8 59. Kb4 Ne8 60. Rb7 Nd6 61. Rd7 Ke8 62. Rxd6 Rxa7 63. Bb5+ Ke7 64. Ra6 Rc7 65. c4 f6 66. gxf6+ Kxf6 67. d5 Re7 68. c5 1-0

[Event "Early-Titled-Tuesday-Blitz-April-16-2024"]
[Site "Chess.com"]
[Date "2024.04.16"]
[Round "5"]
[White "platy3"]
[Black "Martial2008"]
[Result "1/2-1/2"]
[WhiteElo "2904"]
[BlackElo "2662"]
[TimeControl "180+1"]
[EndTime "8:57:12 PDT"]
[Termination "Game drawn by stalemate"]

1. e4 e5 2. Nf3 Nc6 3. Bc4 Nf6 4. d3 h6 5. O-O d6 6. a4 g5 7. a5 a6 8. c3 Bg7 9. Qb3 Qe7 10.
Nbd2 Nh5 11. Rd1 O-O 12. Nf1 Kh7 13. Ne3 Rb8 14. Nf5 Qf6 15. d4 Bxf5 16. exf5 Qxf5 17. dxe5 Nxe5 18. Nxe5 dxe5 19. Be3 Qg6 20. Rd7 f5 21. Bf7 Qc6 22. Rad1 Nf6 23. Qe6 Nxd7 24. Qxf5+ Kh8 25. Qxd7 Qxd7 26. Rxd7 Rbd8 27. Rxd8 Rxd8 28. Bb3 Bf8 29. Kf1 Kg7 30. Ke2 Kf6 31. Kf3 Bd6 32. Ke4 h5 33. h3 c6 34. Bc2 c5 35. Bb3 Bc7 36. Bd5 Bxa5 37. Bxc5 b5 38. Bb7 Rb8 39. Bxa6 Ke6 40.
b4 Bb6 41. Bxb5 Bxc5 42. Bc4+ Kd6 43. bxc5+ Kxc5 44. Bf7 h4 45. Kxe5 Rf8 46. Kf6 Kd6 47. Kg7 Ke7 48. Bd5 Rxf2 49. Kg6 Rc2 50. c4 Rd2 51.
Kxg5 Rd4 52. Kf5 Kd6 53. Kg5 Kc5 54. Bf3 Kd6 55. Be2 Ke5 56. Bg4 Rxc4 57. Kxh4 Kf6 58. Kh5 Rc2 59. Bf3 Rxg2 60. Bxg2 Kg7 61. Kg5 Kh8 62.
h4 Kg8 63. h5 Kh8 64. h6 Kg8 65. h7+ Kh8 66. Kh6 1/2-1/2

[Event "Early-Titled-Tuesday-Blitz-April-16-2024"]
[Site "Chess.com"]
[Date "2024.04.16"]
[Round "5"]
[White "colegiodemadrid"]
[Black "rhwr"]
[Result "1/2-1/2"]
[WhiteElo "2533"]
[BlackElo "2286"]
[TimeControl "180+1"]
[EndTime "8:57:13 PDT"]
[Termination "Game drawn by repetition"]

1. Nf3 c5 2. e4 d6 3. d4 cxd4 4. Nxd4 Nf6 5. Nc3 e5 6. Bb5+ Bd7 7. Bxd7+ Qxd7 8. Nde2 Be7 9. Bg5 O-O 10. Bxf6 Bxf6 11.
Nd5 Bd8 12. O-O Nc6 13. Ng3 Ne7 14. Nxe7+ Bxe7 15. Qd3 Rfd8 16. Rfd1 g6 17. c4 Rac8 18. Nf1 Bg5 19. b3 b6 20. a4 Qe6 21. g3 h5 22. h4 Bh6 23. a5 Rb8 24. axb6 axb6 25. Ra7 Kg7 26. Rda1 Rd7 27. Kg2 Qe7 28. Rxd7 Qxd7 29.
Qd5 Qe6 30. Rd1 Qxd5 31. Rxd5 Rd8 32. b4 Kf6 33. c5 bxc5 34. bxc5 Ke6 35. Kf3 f5 36.
Ne3 Bxe3 37. Kxe3 Ke7 38. f4 exf4+ 39. Kxf4 fxe4 40. cxd6+ Rxd6 41. Kxe4 Ra6 42. Kf4 Kf6 43. Rd4 Rb6 44. Ra4 Rc6 45. g4 hxg4 46. Kxg4 Kg7 47. Ra5 Kh6 48. Ra4 Rd6 49. Kf4 Rc6 50. Ke5 Rb6 51.
Rd4 Kh5 52. Ra4 Rc6 53. Kd5 Rb6 54. Ke5 Rc6 55. Rb4 Ra6 56. Kd5 Rf6 57. Ke5 Ra6 58. Kf4 Rf6+ 59. Kg3 Ra6 60. Rb5+ Kh6 61. Kg4 Rc6 62.
Rb8 Rc4+ 63. Kg3 Kg7 64. Rb6 Kh6 65. Rd6 Kh5 66. Rd5+ Kh6 67. Kh3 Rc3+ 68. Kg4 Rc4+ 69.
Kg3 Rc3+ 70. Kg2 Rc4 71. Kh3 Rc3+ 72. Kg2 Rc4 73. Kh3 1/2-1/2

[Event "Early-Titled-Tuesday-Blitz-April-16-2024"]
[Site "Chess.com"]
[Date "2024.04.16"]
[Round "5"]
[White "IM_ArthurDW08"]
[Black "Daaksboy"]
[Result "1-0"]
[WhiteElo "2746"]
[BlackElo "2238"]
[TimeControl "180+1"]
[EndTime "8:57:14 PDT"]
[Termination "IM_ArthurDW08 won on time"]

1. e4 c5 2. Nf3 d6 3. d4 cxd4 4. Nxd4 Nf6 5. Nc3 a6 6. h4 e5 7. Nb3 Nc6 8. Be2 Be6 9. Bf3 Na5 10. g4 Nxb3 11. axb3 h6 12. Be3 Be7 13. Qe2 Rc8 14.
O-O-O Qa5 15. Kb1 Rxc3 16. Bd2 Rxc2 17. Kxc2 Qb6 18. Qe3 Qxe3 19. Bxe3 Nxg4 20. Bb6 Kd7 21. Kb1 h5 22. Rc1 Bd8 23. Ba7 Ba5 24. Bd1 Ra8 25. b4 Bxb4 26. Bb6 Rc8 27. Ba4+ Ke7 28. Rxc8 Bxc8 29.
Rc1 Be6 30. Rc7+ Kf6 31. Rxb7 Bc4 32. Bd8+ Kg6 33. f3 Nh2 34. Rxb4 Bd3+ 35. Kc1 Nxf3 36. Rb6 Bxe4 37. Rxd6+ f6 38. Rxa6 Nxh4 39. Bc2 Bxc2 40. Kxc2 Nf3 41. b4 h4 42. b5 Nd4+ 43. Kd3 Nxb5 44.
Ke3 Nd4 45. Bb6 Nf5+ 46. Kf3 Kh5 47. Ra8 Nh6 48. Be3 g5 49. Rf8 Kg6 50. Rb8 Nf5 51. Bf2 Nh6 52. Ke4 h3 53. Kf3 g4+ 54. Kg3 f5 55. Kh4 f4 56. Bg1 Kf5 57. Rh8 Nf7 58. Rf8 Ke6 59. Kxg4 Ke7 60. Ra8 1-0